[Event "Croatian 1A League 2022"]
[Site "Porec"]
[Date "2022.09.27"]
[Round "4.24"]
[White "Bobanac, Miro"]
[Black "Vernacki, Srdjan"]
[Result "1/2-1/2"]
[ECO "A30"]
[WhiteElo "2245"]
[BlackElo "2280"]
[Annotator "TA"]
[PlyCount "115"]
[EventDate "2022.09.24"]
[EventType "team-tourn"]
[EventCountry "CRO"]
[SourceTitle "playchess.com"]
[Source "ChessBase"]
[SourceQuality "1"]
[TimeControl "40/5400+30:1800+30"]

1. Nf3 c5 2. c4 Nf6 3. Nc3 e6 4. g3 b6 5. Bg2 Bb7 6. O-O Be7 7. b3 O-O 8. Bb2 a6 9. e3 d6 10. d3 {[%emt 0:02:14] A30: Symmetrical English: Double Fianchetto and Hedgehog.} Qc7 {[%emt 0:00:46] [#]} 11. Ne1 $146 ({Predecessor:} 11. Qe2 Nbd7 12. Ne1 d5 13. f4 Rad8 14. cxd5 Nxd5 15. Ne4 N5f6 16. Nf2 b5 17. Nf3 {½-½ (25) Saric,A (2559)-Livaic,L (2493) Mali Losinj 2019}) 11... Rd8 12. g4 d5 13. g5 Ne8 14. Qg4 dxc4 15. dxc4 Bxg2 16. Nxg2 Nc6 17. Rad1 (17. Ne4 {keeps more tension.} b5 18. Nh4 Ne5 19. Bxe5 Qxe5 20. Nf3) 17... Ne5 18. Qe2 Nd6 (18... Bxg5 $2 19. f4 $16) 19. f4 Nc6 20. Nh4 b5 21. Nf3 bxc4 (21... Qb7 $5 ) 22. bxc4 Nf5 23. Ne4 Rxd1 24. Rxd1 Rd8 25. Rxd8+ Qxd8 26. Ng3 Nd6 27. Ne5 Qb6 28. Nxc6 Qxc6 29. Be5 Nc8 30. Kf2 Nb6 31. Qc2 Nd7 32. Bb2 Nb6 33. Be5 Nd7 34. Ba1 f6 35. h4 Nb6 36. gxf6 (36. Qd3 {looks sharper.} e5 37. Nf5 Qe6 38. Nxe7+ Qxe7 39. gxf6 Qxf6 40. Bxe5 Qxh4+ 41. Ke2) 36... Bxf6 37. Bxf6 gxf6 $11 {[%emt 0:00:01][%mdl 4096] Endgame KQN-KQN} 38. Qd3 Qd7 39. Qe4 f5 40. Qc2 {[%emt 0:00:00] Prevents Qd2+.} Kf7 41. Qc3 Qe7 42. h5 Qf6 {[%emt 0:01:20] Inhibits Qh8.} 43. Qb3 Nd7 44. Qb7 Ke7 45. Qxa6 Qb2+ 46. Ne2 Nf6 47. Qa7+ Ke8 48. Qa8+ Kf7 49. Qa7+ Kg8 50. h6 {[%emt 0:00:34][%csl Gh6][%cal Ra7g7] [#]} Ng4+ 51. Kf3 Nxh6 $2 (51... Qa1 $11 {and Black stays safe.} 52. Qb8+ Kf7 53. Qb7+ Kg6 54. Qg7+ Qxg7 55. hxg7 Kxg7) 52. Qxc5 $2 (52. Qe7 $18) 52... Qb7+ {[%emt 0:01:46] The position is equal.} 53. Kg3 {[%emt 0:04:02] And now Nd4 would win.} Qg7+ 54. Kf3 {[%emt 0:00:49] [#] aiming for Qc8+.} Qb7+ 55. Kg3 {[%emt 0:00:08] Threatens to win with Nd4.} Qg7+ 56. Kf3 {[%emt 0:00:08] Qc8+ is the strong threat.} Qb7+ 57. Kg3 {[%emt 0:00:07] Hoping for Nd4.} Ng4 58. Qb5 {[%emt 0:00:27] Weighted Error Value: White=0.12 (very precise) /Black=0.09 (flawless)} 1/2-1/2

[Event "Croatian 1A League 2022"]
[Site "Porec"]
[Date "2022.09.27"]
[Round "4.25"]
[White "Cheparinov, Ivan"]
[Black "Vavulin, Maxim"]
[Result "1/2-1/2"]
[ECO "E15"]
[WhiteElo "2686"]
[BlackElo "2550"]
[Annotator "TA"]
[PlyCount "72"]
[EventDate "2022.09.24"]
[EventType "team-tourn"]
[EventCountry "CRO"]
[SourceTitle "playchess.com"]
[Source "ChessBase"]
[SourceQuality "1"]
[TimeControl "40/5400+30:1800+30"]

1. d4 Nf6 2. c4 e6 3. Nf3 b6 4. g3 Ba6 5. b3 Bb4+ 6. Bd2 Be7 7. Nc3 d5 8. cxd5 exd5 9. Bg2 O-O 10. O-O Nbd7 {[%emt 0:01:32][%cal Bb8d7,Bd7c5,Bc5e4][%mdl 32] E15: Queen's Indian: 4 g3 sidelines, 4 g3 Ba6 and 4 g3 Bb7 early deviations.} 11. Rc1 c5 12. Bf4 Re8 {[%emt 0:15:17] White is slightly better.} 13. dxc5 Nxc5 {[%emt 0:01:43] [#]} 14. Nd4 $146 {[%emt 0:00:15] next Nc6 is good for White.} ({Predecessor:} 14. Bg5 Nce4 15. Bxf6 Bxf6 16. Nxd5 Bxe2 17. Nxf6+ Nxf6 18. Qxd8 Raxd8 19. Rfe1 h6 20. Rc7 Bxf3 {0-1 (66) Potapova,M (2377)-Schrik,R (2194) Chess.com INT 2019}) 14... Qd7 {[%emt 0:02:09] Inhibits Nc6.} 15. Qc2 Nce4 {[%emt 0:12:58] The position is equal.} 16. Qb2 {[%emt 0:11:01] Against Ba3} Rac8 17. Rfd1 Bb4 18. Nxe4 Nxe4 19. Rxc8 Rxc8 20. Be3 h6 21. Rc1 Rc5 22. Rc2 Qc8 23. Qc1 Nc3 {[%emt 0:01:02][%cal Oc3e2] [#] And now ...Nxe2+! would win.} 24. Qf1 Ne4 25. Bh3 Qe8 26. Qc1 Bc8 27. Bg2 Bd7 28. a3 Rxc2 29. Nxc2 Bc5 30. Nd4 Qe5 31. Qb2 b5 32. b4 Bb6 33. Bxe4 Qxe4 34. Qc2 Bxd4 35. Qxe4 {[%emt 0:00:04][%mdl 64] [#] Remove Defender} dxe4 36. Bxd4 a6 {[%emt 0:00:01] An even fight not without its subleties.  Weighted Error Value: White=0.04 (flawless) /Black=0.05 (flawless)} 1/2-1/2

[Event "Croatian 1A League 2022"]
[Site "Porec"]
[Date "2022.09.27"]
[Round "4.26"]
[White "Fercec, Nenad"]
[Black "Hracek, Zbynek"]
[Result "0-1"]
[ECO "B40"]
[WhiteElo "2403"]
[BlackElo "2556"]
[Annotator "TA"]
[PlyCount "84"]
[EventDate "2022.09.24"]
[EventType "team-tourn"]
[EventCountry "CRO"]
[SourceTitle "playchess.com"]
[Source "ChessBase"]
[SourceQuality "1"]
[TimeControl "40/5400+30:1800+30"]

1. e4 e6 2. d4 d5 3. Nd2 c5 4. Ngf3 cxd4 5. Nxd4 Nc6 6. Nxc6 bxc6 7. Bd3 Nf6 8. O-O Be7 9. b3 O-O 10. Bb2 Bb7 {[%emt 0:16:51] B40: Sicilian: 2...e6, Unusual lines.} 11. Qe2 c5 12. c4 d4 {[%emt 0:02:41] The position is equal.} 13. e5 Nd7 14. f4 g6 15. Ne4 a5 16. a4 {[%emt 0:10:14] [#]} Qb6 $146 ({Predecessor:} 16... Rb8 17. Bc2 Bc6 18. Ba3 Rb6 19. Rae1 Bxe4 20. Qxe4 Nb8 21. Rf3 Nc6 22. g3 Qa8 {1-0 (71) Ruck,T (2321)-Wolter,K (2320) Koszeg 1999}) 17. Rab1 f5 18. exf6 $1 Bxf6 19. Bc1 Bg7 20. Ng5 Rae8 21. Qg4 $1 {[%emt 0:00:23][%cal Og5h7] aiming for Nxh7!} Nf6 22. Qh3 Bc8 {[%emt 0:07:40][%cal Bb7c8,Bc8f5,Bf5d3][%mdl 32] And now ...e5 would win.} 23. Qh4 e5 $132 {[%emt 0:00:05][%mdl 2048] Black puts up resistance} 24. fxe5 Rxe5 25. Rxf6 Rxf6 $15 26. Qxh7+ ({But not} 26. Nxh7 $2 Rff5 27. Ng5 Qf6 28. Bxf5 Qxf5 $19) 26... Kf8 {[%emt 0:00:03] ( -> ...Re1+). Dancing on a razor blade. Black is more active.} 27. Qh4 {[%emt 0:00:58] Prevents Re1+. Hoping for Bf4.} Bf5 28. Nh7+ {[%emt 0:00:35] [#]} (28. Bxf5 $15 Rfxf5 29. g4) 28... Kf7 $1 $17 29. Nxf6 $4 {[%emt 0:00:12][%mdl 8192] Now White is beyond hope.} (29. Bxf5 $17 {nothing else works.} Rfxf5 30. g4) 29... Bxd3 $19 ({Less strong is} 29... Qxf6 30. Bg5 Qe6 31. Bxf5 Rxf5 32. Re1 $16) 30. Nd7 {[%emt 0:00:04] [#]} Rf5 $1 31. Bg5 (31. Bh6 Qe6) 31... Qe6 32. Re1 {[%emt 0:02:08] Nxc5 is the strong threat.} Qxd7 33. Qg3 {[%emt 0:00:08] [#]} Rxg5 $1 34. Qxg5 (34. Qxd3 Bf6) 34... Bf5 {[%emt 0:00:08] A strong pair of Bishops.} 35. h3 d3 36. g4 Qd4+ 37. Kf1 d2 38. Qe7+ Kg8 39. gxf5 dxe1=Q+ (39... dxe1=R+ $142 40. Qxe1 Qd3+ 41. Kg2 Qxf5 42. Qe8+ Kh7 43. Qe3 Qc2+ 44. Kh1 Bf6 45. Qf3 Bd4 46. Qf7+ Kh6 47. Qf4+ Kg7 48. Qc7+ Kf6 49. Qd8+ Kf5 50. Qf8+ Ke4 51. Qf1 Qd3 52. Qg2+ Qf3 53. Kh2 Qxg2+ 54. Kxg2 Kd3 55. Kh2 Kc3 56. h4 Kxb3 57. Kh3 Kxc4 58. Kg3 Kd3 59. Kh2 c4 60. h5 c3 61. Kh3 c2 62. hxg6 c1=Q 63. g7 Qg5 64. g8=Q Qxg8 65. Kh4 Ke4 66. Kh3 Kf3 67. Kh4 Qg4#) 40. Kxe1 Qe5+ 41. Qxe5 Bxe5 42. fxg6 Kg7 {[%emt 0:00:04] Weighted Error Value: White=0.80/Black=0.42} 0-1

[Event "Croatian 1A League 2022"]
[Site "Porec"]
[Date "2022.09.27"]
[Round "4.27"]
[White "Leventic, Ivan"]
[Black "Krsnik Cohar, Ivan Vihor"]
[Result "1/2-1/2"]
[ECO "C77"]
[WhiteElo "2384"]
[BlackElo "2296"]
[Annotator "TA"]
[PlyCount "29"]
[EventDate "2022.09.24"]
[EventType "team-tourn"]
[EventCountry "CRO"]
[SourceTitle "playchess.com"]
[Source "ChessBase"]
[SourceQuality "1"]
[TimeControl "40/5400+30:1800+30"]

1. e4 e5 2. Nf3 Nc6 3. Bb5 a6 4. Ba4 Nf6 5. d4 exd4 6. e5 Ne4 7. O-O Nc5 8. Bxc6 dxc6 9. Nxd4 Be7 10. Nc3 O-O 11. Be3 {[%emt 0:00:48] C77: Ruy Lopez: 3...a6 4 Ba4 Nf6, unusual lines.} Ne6 12. Nf5 Bc5 (12... f6 $1 $11 {was preferrable.}) 13. Qe2 {[%emt 0:01:55] aiming for Ne4. White is slightly better.} Bxe3 14. Qxe3 {[%emt 0:00:47] [#] Strongly threatening Ne4.} ({Don't play} 14. Nxe3 Qg5 $15) ({Much worse is} 14. fxe3 Nc5 $11) 14... f6 $146 ({Predecessor:} 14... Qg5 15. Qxg5 Nxg5 16. Ne7+ Kh8 17. f4 Ne6 18. Rad1 Nc5 19. f5 a5 20. Rf4 b6 21. Nxc6 {1-0 (61) Weigel,H (2096)-Jaton,P (1890) Ellwangen 1995}) 15. Rad1 {[%emt 0:12:18] Black did not feel at home in the position after the opening.  Weighted Error Value: White=0.00 (flawless) /Black=0.09 (flawless)} 1/2-1/2

[Event "Croatian 1A League 2022"]
[Site "Porec"]
[Date "2022.09.27"]
[Round "4.28"]
[White "Franic, Milan"]
[Black "Zivkovic, Vjekoslav"]
[Result "1/2-1/2"]
[ECO "E46"]
[WhiteElo "2365"]
[BlackElo "2364"]
[Annotator "TA"]
[PlyCount "48"]
[EventDate "2022.09.24"]
[EventType "team-tourn"]
[EventCountry "CRO"]
[SourceTitle "playchess.com"]
[Source "ChessBase"]
[SourceQuality "1"]
[TimeControl "40/5400+30:1800+30"]

1. d4 Nf6 2. c4 e6 3. Nc3 Bb4 4. e3 O-O 5. Nge2 Re8 6. a3 Bf8 7. d5 d6 {[%emt 0:24:47] E46: Nimzo-Indian: Rubinstein: 4 e3 0-0 5 Ne2 without early Bd3.} 8. g3 e5 9. Bg2 g6 (9... e4 $11) 10. e4 $14 a5 11. O-O Nbd7 {[%emt 0:01:08] [#]} 12. Bg5 $146 ({Predecessor:} 12. h3 Bg7 13. Rb1 Nb6 14. Qd3 a4 15. Be3 Nfd7 16. Na2 Nc5 17. Qc2 Bd7 18. Rbd1 {0-1 (40) Hambleton,A (2454)-Fischer,D (2273) Chess.com INT 2021}) 12... h6 13. Be3 Ng4 14. Bd2 Nb6 15. f3 Nf6 16. b3 a4 17. Nxa4 Nxa4 18. bxa4 Nd7 19. a5 Nc5 20. Nc1 Bd7 21. Rb1 b6 22. axb6 cxb6 {[%emt 0:00:26] The position is equal.} 23. Bb4 h5 24. Qe2 h4 {[%emt 0:02:06] Weighted Error Value: White=0.09 (flawless) /Black=0.16 (very precise)} 1/2-1/2

[Event "Croatian 1A League 2022"]
[Site "Porec"]
[Date "2022.09.27"]
[Round "4.29"]
[White "Medak, Bojan"]
[Black "Glavas, Dragan"]
[Result "1/2-1/2"]
[ECO "D36"]
[WhiteElo "2353"]
[BlackElo "2249"]
[Annotator "TA"]
[PlyCount "32"]
[EventDate "2022.09.24"]
[EventType "team-tourn"]
[EventCountry "CRO"]
[SourceTitle "playchess.com"]
[Source "ChessBase"]
[SourceQuality "1"]
[TimeControl "40/5400+30:1800+30"]

1. c4 e6 2. Nc3 d5 3. d4 Nf6 4. cxd5 exd5 5. Bg5 Be7 6. e3 c6 7. Bd3 Nbd7 8. Qc2 O-O 9. Nge2 Re8 10. O-O h6 11. Bh4 Ne4 12. Bxe7 Qxe7 13. Rad1 Ndf6 {[%emt 0:02:49] [#] The position is equal. D36: Queen's Gambit Declined: Exchange Variation: Main line (5 Bg5 c6 6 Qc2).} 14. h3 $146 ({Predecessor:} 14. f3 Nxc3 15. Nxc3 Qb4 16. a3 Qb6 17. Na4 Qd8 18. Qf2 Re7 19. h3 b6 20. Nc3 Be6 21. e4 c5 22. e5 Nd7 23. f4 cxd4 24. Qxd4 Nc5 25. f5 Nxd3 {1-0 (25) Yakovich,Y (2525)-Belyi,V (2102) Vladivostok 2012}) 14... Bf5 15. Bxe4 Bxe4 16. Nxe4 Nxe4 {[%emt 0:00:10] A rather calm draw.  Weighted Error Value: White=0.11 (very precise) /Black=0.00 (flawless)} 1/2-1/2

[Event "Croatian 1A League 2022"]
[Site "Porec"]
[Date "2022.09.27"]
[Round "4.30"]
[White "Rubil, Marko"]
[Black "Mrkonjic, Nenad"]
[Result "0-1"]
[ECO "B12"]
[WhiteElo "2270"]
[BlackElo "2347"]
[Annotator "TA"]
[PlyCount "57"]
[EventDate "2022.09.24"]
[EventType "team-tourn"]
[EventCountry "CRO"]
[SourceTitle "playchess.com"]
[Source "ChessBase"]
[SourceQuality "1"]
[TimeControl "40/5400+30:1800+30"]

1. e4 c6 2. d4 d5 3. e5 c5 4. dxc5 e6 5. a3 Nd7 6. Nf3 {[%emt 0:19:15] B12: Caro-Kann: Advance Variation.} a5 7. Bb5 {[%emt 0:07:29] [#]} Bxc5 $146 ({Predecessor:} 7... Ne7 8. O-O Nc6 9. b3 Bxc5 10. Bb2 O-O 11. Nbd2 Qc7 12. Re1 Nd4 13. Nxd4 Bxd4 14. Bxd4 {1-0 (34) Awoki,D (2152)-Piliczewski,B (1938) Chess.com INT 2021}) 8. Nc3 {[%emt 0:00:58][%cal Oc3d5] White is slightly better.} (8. c4 $5 ) 8... Ne7 9. O-O Ng6 10. Na4 Ba7 11. Bg5 Qc7 12. c4 $1 $36 {[%emt 0:10:19][%mdl 2048] Black is under pressure.} d4 13. Re1 h6 14. Bd2 O-O 15. b4 (15. c5 $5 ) 15... Rd8 (15... Ngxe5 $11 16. Bf4 Nxf3+ 17. Qxf3 e5) 16. c5 Ndf8 ({Black should play} 16... Ndxe5 $14 17. Nxe5 Nxe5) 17. bxa5 Rb8 (17... Bd7 $14 18. Rb1 (18. Nxd4 Be8 $15) 18... Bxc5) 18. Rc1 Bd7 19. Bxd7 (19. Nxd4 $6 Be8 20. Bxe8 Rxd4 $11) 19... Qxd7 20. Nb6 Qc6 21. Rc4 (21. Qb3 $142) 21... Bxb6 $16 22. axb6 Nd7 23. Qc1 ({Much worse is} 23. Nxd4 $6 Qd5 24. Qe2 Ndxe5 $15) 23... Rbc8 $1 {[%emt 0:00:17][%cal Od7b6] [#]} 24. Nxd4 (24. Bxh6 $142 $1 Nxb6 25. Rxd4 (25. Nxd4 Qd5 $15) 25... Rxd4 26. Nxd4 Qxc5 27. Qxc5 Rxc5 28. Be3) 24... Qd5 $11 25. Nb5 $2 {[%emt 0:01:06][%mdl 8192] This move loses the game for White.} (25. Be3 $11 {and White stays safe.} Ngxe5 26. Rc3 Rxc5 27. Rxc5 Nxc5 28. Nf5 exf5 29. Qxc5) 25... Rxc5 $19 {[%emt 0:01:37] Black is clearly winning.} 26. Rxc5 Nxc5 27. Nd6 Nxe5 28. Bb4 Ned3 {[%emt 0:00:24] Pair of Knights!} ({Worse is} 28... Qxd6 29. Qxc5 Qxc5 30. Bxc5 $15) 29. Qe3 {[%emt 0:01:03] Weighted Error Value: White=0.39/Black=0.21 (precise)} 0-1

[Event "Croatian 1A League 2022"]
[Site "Porec"]
[Date "2022.09.28"]
[Round "5.1"]
[White "Vavulin, Maxim"]
[Black "Saric, Ivan"]
[Result "0-1"]
[ECO "B89"]
[WhiteElo "2550"]
[BlackElo "2668"]
[Annotator "TA"]
[PlyCount "142"]
[EventDate "2022.09.24"]
[EventType "team-tourn"]
[EventCountry "CRO"]
[SourceTitle "playchess.com"]
[Source "ChessBase"]
[SourceQuality "1"]
[TimeControl "40/5400+30:1800+30"]

1. e4 c5 2. Nf3 d6 3. d4 cxd4 4. Nxd4 Nf6 5. Nc3 Nc6 6. Bc4 e6 7. Be3 a6 8. Qe2 Bd7 {[%emt 0:00:35] 8...Be7 is becoming the main line.} 9. Bb3 b5 {[%emt 0:01:26] B89: Sicilian: Velimirovic Attack.} 10. f3 Na5 11. g4 {[%emt 0:02:16] [#]} e5 $146 {[%emt 0:03:44] The position is equal.} ({Predecessor:} 11... g6 12. Qf2 Nxb3 13. axb3 e5 14. Nde2 b4 15. Na4 Bxa4 16. Rxa4 d5 17. O-O d4 {½-½ (40) Lane,G (2351)-Johansen,D (2392) Auckland 2014}) 12. Nf5 {[%emt 0:01:23] White wants to play g5.} Nxb3 13. axb3 g6 14. Ng3 (14. g5 $1 $14) 14... b4 $11 15. Na4 {[%emt 0:08:10][%cal Bc3a4,Ba4b6,Bb6d5][%mdl 32] Threatening Nb6.} Rb8 {[%emt 0:02:04] Against Nb6} 16. Qf2 Bb5 (16... d5 $11) 17. Nb6 $14 h5 (17... Be7 $14) 18. g5 $16 Nd7 19. Nd5 Bg7 (19... Bc6 $142) 20. Rg1 (20. Nxb4 $16 {Strongly threatening Qd2.} O-O 21. Nd5 (21. Nxa6 Ra8 $11)) 20... a5 $1 $14 21. Rd1 ({White should try} 21. Qd2 $14) 21... Bc6 22. Kf1 Rb5 23. Qe2 Qb8 (23... Nf8 $11) 24. Qc4 Qb7 25. Kg2 h4 {[%emt 0:03:59] ...Bxd5 is the strong threat.} 26. Nh1 Bxd5 27. exd5 (27. Rxd5 $11 h3+ 28. Kg3 Rxd5 29. exd5) 27... f5 (27... h3+ $15 28. Kg3 Ke7) 28. gxf6 $1 $11 Nxf6 29. Nf2 Nxd5 (29... Rxd5 $11 30. Ne4 Rxd1 31. Rxd1 Nxe4) 30. Rge1 $2 (30. Bg5 $16) 30... O-O (30... Nxe3+ $15 31. Rxe3 d5) 31. Qxh4 (31. Bb6 $11) 31... Nf4+ (31... Nxe3+ $15 32. Rxe3 d5) 32. Bxf4 Rxf4 {[%emt 0:00:03] Really sharp!} 33. Qg3 Qc6 34. Rd3 d5 35. Re2 (35. c4 $11 bxc3 36. Rxc3) 35... Rb7 ({Black should play} 35... Rc5 $17) 36. Rde3 (36. c4 $5 bxc3 37. Rxc3 $11) 36... d4 37. Re4 Rbf7 38. Rxf4 Rxf4 39. Nd3 Rf5 40. Nf2 Kh7 41. Qh4+ Rh5 42. Qe4 Qf6 43. Re1 Qg5+ 44. Ng4 Qh4 45. Rg1 Rf5 46. Qe2 ({Of course not} 46. Kh1 Qh3 47. Nf2 (47. Re1 $2 Rxf3 48. Rg1 Rf4 $19) 47... Qxf3+ 48. Qxf3 Rxf3 $17) 46... Qg5 47. Kh1 Qf4 48. Rg3 Rh5 49. Kg2 Bh6 50. Qd3 Bg5 51. Nf2 Qf5 52. Qc4 Bf4 53. Qc7+ Kg8 54. Qd8+ Kg7 55. Qe7+ Qf7 56. Qxf7+ Kxf7 57. Rh3 Rxh3 58. Kxh3 {[%emt 0:00:19][%mdl 4096] Endgame KB-KN} Ke6 59. Nd3 Kf5 {[%emt 0:00:05] White must now prevent ...e4.} 60. Kg2 $2 {[%emt 0:00:32][%mdl 8192] [#]} (60. Nc5 $11 {and White is okay.}) 60... e4 $1 $19 61. fxe4+ Kxe4 {[%emt 0:00:05] aiming for ...Ke3.} 62. Nxf4 $2 (62. Kf1 $19 Bxh2 63. Ke2) 62... Kxf4 {[%emt 0:00:06] KP-KP. Black mates.} 63. Kf2 {[%emt 0:00:09] [#]} Kg4 $1 64. Kg2 g5 65. Kf2 Kh3 66. Kf3 Kxh2 67. Kg4 a4 68. bxa4 b3 $1 69. cxb3 d3 70. Kf3 g4+ 71. Ke3 g3 {[%emt 0:00:04] Weighted Error Value: White=0.30/Black=0.15 (very precise)} 0-1

[Event "Croatian 1A League 2022"]
[Site "Porec"]
[Date "2022.09.28"]
[Round "5.2"]
[White "Banusz, Tamas"]
[Black "Fercec, Nenad"]
[Result "1/2-1/2"]
[ECO "A50"]
[WhiteElo "2622"]
[BlackElo "2403"]
[Annotator "TA"]
[PlyCount "114"]
[EventDate "2022.09.24"]
[EventType "team-tourn"]
[EventCountry "CRO"]
[SourceTitle "playchess.com"]
[Source "ChessBase"]
[SourceQuality "1"]
[TimeControl "40/5400+30:1800+30"]

1. c4 Nf6 2. Nf3 b6 3. g3 Bb7 4. Bg2 g6 5. d4 e6 6. O-O Bg7 7. Nc3 O-O 8. Qc2 {[%emt 0:01:50] A50: Queen's Fianchetto Defence (1 d4 Nf6 2 c4 b6).} d5 9. cxd5 exd5 10. Bf4 (10. Ne5 {seems wilder.} Na6 11. Bg5 Qe8 12. Qb3) 10... c6 11. Rad1 Nbd7 {[%emt 0:03:24] [#]} 12. e4 $146 ({Predecessor:} 12. Rfe1 Re8 13. Ne5 Nh5 14. Nd3 Bxd4 15. e4 Nxf4 16. Nxf4 Be5 17. exd5 c5 18. Nd3 {0-1 (35) Olafsson,H (2511)-Terry,R (2510) Chess.com INT 2019}) 12... Nxe4 13. Nxe4 dxe4 14. Qxe4 Nf6 15. Qc2 Nd5 16. Bc1 Re8 17. Rfe1 Qd6 18. a3 a5 19. h4 h6 20. Kh2 Rxe1 21. Rxe1 Rd8 22. Ne5 Re8 23. f4 Nf6 24. Be3 Re7 25. Qb3 Nd5 26. Bf2 h5 27. Bf3 b5 (27... Qd8 $11 {should be considered.}) 28. Rc1 a4 29. Qc2 Re6 30. Bg2 Nf6 (30... Re8 $11 {remains equal.}) 31. Bf3 {[%emt 0:01:09] White is more active.} (31. Bxc6 Bxc6 32. Qxc6 (32. Nxc6 Ng4+ 33. Kg1 Nxf2 $15) 32... Ng4+ 33. Kg1 Nxf2 34. Qxd6 Rxd6 $11) (31. f5 $16 Re8 32. fxg6 fxg6 33. Bf3 (33. Bxc6 Rc8 $15) (33. Qxg6 $2 Ng4+ 34. Kg1 Qxg6 $19)) 31... Re8 32. Kg2 (32. Bxc6 Rc8 33. Qc5 Qe6 $11) (32. Nxc6 Ng4+ 33. Kg2 Bxc6 34. Bxc6 (34. Qxc6 Qxc6 35. Rxc6 Nxf2 $17) 34... Ne3+ 35. Bxe3 Rxe3 $11) 32... Ng4 33. Bg1 (33. Nxg4 hxg4 34. Bxc6 Bxc6+ 35. Qxc6 Qxc6+ 36. Rxc6 Re2 $17) (33. Bxc6 Rc8 34. d5 Bxe5 35. fxe5 Qxe5 $17) (33. Qc5 $5 Qe6 34. Qb6 $14 (34. Bxc6 Bxe5 35. fxe5 Qf5 $17)) 33... Qe6 34. Re1 (34. Bxc6 Rc8 35. Bxb7 Rxc2+ 36. Rxc2 Qb3 $11) 34... Qc8 35. Qc3 c5 36. dxc5 Nxe5 37. fxe5 {[%emt 0:00:08] Strongly threatening c6.} Bxf3+ 38. Qxf3 Rxe5 39. Rxe5 Bxe5 $11 {[%emt 0:00:06][%mdl 4096] Endgame KQB-KQB} 40. Qd5 Qe6 41. Qxe6 (41. Qe4 $11) 41... fxe6 {[%emt 0:00:27] KB-KB} 42. c6 {[%emt 0:00:04] aiming for Bb6.} Kf7 43. Bd4 {[%emt 0:04:00] [#]} Bd6 (43... Bxd4 44. c7 Bxb2 45. c8=Q $18) (43... Bc7 $1 $19 44. Kf3 Ke7) 44. Kf3 {[%emt 0:01:13] And now Ke4 would win.} (44. Bb6 Ke7 45. Bd4 Kd8 $19) 44... Ke8 45. Bf6 ({Avoid the trap} 45. Bb6 $2 Be5 46. g4 hxg4+ 47. Ke4 (47. Kxg4 $2 b4 $19) 47... Bxb2 $19) 45... Kf7 $1 46. Bg5 {[%emt 0:00:14] Black must now prevent Ke4.} Ke8 $2 {[%emt 0:01:41][%mdl 8192] [#]} (46... e5 $11) 47. Bf4 $2 ({White must play} 47. Ke4 $1 $18) 47... Bf8 48. Ke4 Kd8 49. Be5 Kc8 50. Kd4 Be7 51. Bf4 {[%emt 0:01:09] Ke5 is the strong threat.} Bf6+ 52. Be5 Be7 53. Bf4 (53. Kc3 $14) 53... Bf6+ {[%emt 0:00:09] The position is equal.} 54. Kc5 Bxb2 55. Kxb5 {[%emt 0:00:02] Hoping for Bd6.} Bxa3 56. Kxa4 Bb2 57. Bd6 Bf6 {[%emt 0:00:06] Weighted Error Value: White=0.40/Black=0.19 (very precise)} 1/2-1/2

[Event "Croatian 1A League 2022"]
[Site "Porec"]
[Date "2022.09.28"]
[Round "5.3"]
[White "Krsnik Cohar, Ivan Vihor"]
[Black "Balogh, Csaba"]
[Result "1/2-1/2"]
[ECO "B25"]
[WhiteElo "2296"]
[BlackElo "2583"]
[Annotator "TA"]
[PlyCount "141"]
[EventDate "2022.09.24"]
[EventType "team-tourn"]
[EventCountry "CRO"]
[SourceTitle "playchess.com"]
[Source "ChessBase"]
[SourceQuality "1"]
[TimeControl "40/5400+30:1800+30"]

1. e4 c5 2. g3 Nc6 3. Bg2 g6 4. Ne2 Bg7 5. d3 Nf6 6. Nbc3 d6 7. Nd5 {[%emt 0:04:17] B25: Closed Sicilian: 3 g3, lines without early Be3.} e6 8. Nxf6+ Qxf6 9. O-O O-O 10. c3 {[%emt 0:01:29] [#]} Qe7 $146 ({Predecessor:} 10... Rb8 11. Be3 Qe7 12. d4 b6 13. Qd2 Ba6 14. Rfe1 e5 15. d5 Na5 16. b3 f5 {0-1 (40) Brenke,A (2285)-Hengelbrock,J Germany 1994}) 11. Be3 b6 12. f4 Bb7 13. Qd2 f5 14. Rae1 Qd7 15. exf5 gxf5 16. d4 Ne7 17. Bxb7 Qxb7 18. dxc5 dxc5 19. Nc1 Rad8 20. Qg2 Qc7 21. Re2 Rd6 22. Rfe1 Rfd8 23. Bf2 Qd7 24. g4 (24. Qf3 $15) 24... fxg4 25. Bh4 Ng6 (25... h5 $17 {Threatens to win with ...Ng6.} 26. f5 e5) 26. Bxd8 $11 Nxf4 27. Qxg4 Nxe2+ 28. Nxe2 {[%emt 0:00:04][%cal Bc1e2,Be2g3,Bg3e4][%mdl 32] [#] Strongly threatening Bh4.} Qxd8 29. Ng3 Kh8 30. Ne4 Rd5 31. Qxe6 Qg8 32. Qxg8+ Kxg8 {[%emt 0:00:02][%mdl 4096] Endgame KRB-KRN} 33. Re2 Kf7 34. Kg2 c4 35. b3 cxb3 36. axb3 a5 37. c4 {[%emt 0:03:48] The position is equal.} Rd3 38. c5 bxc5 39. Nxc5 Rd5 40. Ne4 Be5 41. Ng5+ Kg6 42. Nf3 Bf6 43. Nd2 Rd4 44. Kf3 h5 45. Ne4 Rb4 46. Re3 Bd4 47. Rd3 Be5 48. h3 Kf5 49. Nd2 Ke6 50. Re3 Kd5 51. Re4 Rb8 52. Rh4 Bc3 53. Rxh5+ Kd4 54. Rh4+ Kd3 55. Ne4 Bd4 56. Nf2+ $1 Kc3 {[%emt 0:01:25] [#] And now ...Rf8+ would win.} 57. Nd1+ Kd3 58. Nf2+ Bxf2 59. Kxf2 Rxb3 {[%emt 0:00:08] KR-KR} 60. Ra4 Rb5 61. h4 Kc3 62. Kg3 Kb3 63. Ra1 {[%emt 0:00:06] Rb1+ would kill now.} Kb2 {[%emt 0:00:46] Prevents Rb1+.} 64. Ra4 Kb3 65. Ra1 {[%emt 0:00:01] White wants to mate with Rb1+.} a4 66. Kg4 a3 67. h5 Kb2 68. Rxa3 Kxa3 69. h6 Rb6 70. Kg5 Rxh6 71. Kxh6 {[%emt 0:00:09] Weighted Error Value: White=0.07 (flawless) /Black=0.08 (flawless)} 1/2-1/2